Map: Dusk Towers

Players

목사님 - Winner!

  • Race: Terran Terran
  • League: Diamond

ILLBdA

  • Race: Protoss Protoss
  • League: Diamond

VOD

Have the link to the VOD?

Description

Time

  • Played on: Jan. 2, 2016, 4:01 a.m.
  • Length: 13:55
Show
View Real Time Build Order
Export as new Build Order

목사님 Terran - Winner!

Build Orders: Cyclone Opening, MMM Bio 

Get SALT Encoding   

  12  0:00  SCV  
  13  0:12  SCV  
  14  0:18  Supply Depot  
  14  0:25  SCV  
  15  0:40  SCV, Barracks  
  16  0:45  Refinery  
  16  0:52  SCV  
  17  0:57  Refinery  
  17  1:04  SCV  
  18  1:16  SCV  
  19  1:27  Reaper  
  19  1:31  Orbital Command  
  20  1:33  Supply Depot  
  20  1:47  Factory  
  20  1:57  SCV  
  20  1:59  Barracks Tech Lab  
  21  2:09  SCV  
  22  2:24  SCV  
  22  2:25  Barracks Tech Lab  
  22  2:41  Cyclone  
  25  2:45  Command Center  
  25  2:47  Stimpack  
  25  2:50  Marine  
  26  2:53  SCV  
  27  2:59  Supply Depot  
  27  3:13  Cyclone  
  29  3:21  Marine  
  32  3:41  Marauder  
  32  3:45  Barracks  
  32  3:47  Cyclone  
  35  3:52  SCV  
  36  3:56  Barracks  
  36  4:04  SCV, Orbital Command  
  37  4:15  Marauder  
  37  4:16  SCV  
  40  4:27  Factory Reactor  
  40  4:28  SCV  
  41  4:40  SCV  
  42  4:47  SCV  
  42  4:48  Combat Shields  
  42  4:51  Concussive Shells, Marauder x2  
  42  4:52  SCV  
  48  4:59  SCV, Engineering Bay  
  49  5:04  SCV  
  49  5:05  Supply Depot  
  50  5:11  SCV  
  50  5:13  Marauder  
  53  5:16  SCV  
  53  5:19  Supply Depot, Factory Reactor  
  54  5:27  SCV, Marauder  
  57  5:28  SCV, Refinery  
  57  5:31  Sensor Tower  
  57  5:33  Marine x2  
  57  5:34  Sensor Tower  
  60  5:39  SCV  
  60  5:40  SCV  
  62  5:43  Marine  
  62  5:48  Marine  
  64  5:52  Marine x2  
  64  5:55  Starport  
  66  6:01  Barracks  
  66  6:06  SCV x2, Refinery  
  66  6:07  Marine x2  
  70  6:12  Missile Turret  
  70  6:13  Missile Turret  
  70  6:16  Supply Depot  
  70  6:18  Supply Depot  
  70  6:36  Command Center  
  70  6:38  SCV, Marauder, Marine x2  
  75  6:43  Missile Turret  
  75  6:50  Barracks Reactor  
  75  6:53  Medivac x2  
  79  7:05  Missile Turret x2  
  79  7:06  Terran Infantry Weapons Level 1  
  79  7:08  Missile Turret  
  79  7:10  SCV, Armory  
  79  7:11  Marine  
  81  7:23  Marauder  
  81  7:24  Marine, Marauder  
  86  7:32  Supply Depot  
  86  7:47  Marine x4  
  86  7:48  Medivac x2  
  93  8:00  Marine x2  
  93  8:01  Orbital Command  
  95  8:05  Marine x2  
  97  8:14  Barracks  
  97  8:16  Barracks  
  97  8:20  Starport  
  97  8:27  Liberator  
  85  8:31  Marine  
  85  8:32  Marauder, Marine x3  
  80  8:41  Marauder, Liberator  
  66  8:42  SCV x3  
  72  8:49  Marine x2  
  72  8:50  Marine  
  72  8:54  SCV x2, Marauder  
  79  8:57  Factory Reactor  
  79  9:00  SCV  
  79  9:01  Marine  
  84  9:04  Refinery  
  84  9:05  Supply Depot  
  84  9:06  SCV  
  84  9:07  Refinery, Marine  
  86  9:11  Marauder  
  86  9:12  Barracks Tech Lab x2  
  86  9:15  Marauder  
  90  9:19  Missile Turret  
  90  9:21  Missile Turret, Marine x2  
  90  9:23  Liberator  
  92  9:27  Medivac  
  94  9:32  Terran Infantry Weapons Level 2  
  94  9:37  Engineering Bay  
  94  9:44  Medivac x2  
  94  9:45  Marine x3  
  102  9:46  Marauder x2, Marine x2  
  102  9:49  SCV x3  
  113  9:57  Marauder  
  115  10:01  SCV x2  
  115  10:04  Terran Infantry Armor Level 1  
  117  10:08  Supply Depot  
  117  10:18  Command Center  
  117  10:30  SCV x2, Marauder x2  
  123  10:41  Marauder x2, Marine  
  125  10:46  Supply Depot x2  
  125  10:48  Supply Depot  
  125  10:50  Liberator  
  125  10:51  Liberator x2  
  125  11:04  Liberator  
  125  11:07  Marine x2, Terran Ship Weapons Level 1  
  125  11:08  Marauder x2  
  125  11:10  Marauder  
  142  11:23  Marauder, Marine x2  
  149  11:30  Marauder  
  151  11:32  Orbital Command  
  151  11:37  Marauder, Ghost Academy, Marine x2  
  151  11:38  Marauder  
  157  11:47  Marine x2  
  157  11:48  Barracks, Marauder  
  157  11:49  Barracks  
  157  11:51  Medivac  
  163  11:55  Supply Depot  
  163  11:57  Supply Depot  
  163  12:16  Marauder, Medivac x3  
  163  12:17  Marine  
  163  12:18  Marauder x2, Marine x3  
  163  12:21  Supply Depot  
  179  12:22  Supply Depot  
  166  12:41  Marine x3  
  166  12:42  Marauder x2  
  151  12:52  Ghost x2  
  151  12:53  Marine x2  
  155  13:03  Marauder x2  
  155  13:07  Marine x2  
  155  13:09  Medivac  
  148  13:22  Marauder x2  
  154  13:27  Marauder  
  154  13:29  Marine x4  
Show
View Real Time Build Order
Export as new Build Order

ILLBdA Protoss 

Build Orders: 1 Gate Expand, Blink Stalkers 

Get SALT Encoding   

  12  0:01  Probe (Chrono Boost)  
  13  0:11  Probe (Chrono Boost)  
  14  0:18  Pylon  
  14  0:22  Probe (Chrono Boost)  
  15  0:38  Gateway  
  15  0:41  Probe (Chrono Boost), Assimilator  
  16  0:52  Probe (Chrono Boost)  
  17  1:02  Probe (Chrono Boost)  
  18  1:13  Probe (Chrono Boost)  
  19  1:20  Nexus  
  19  1:30  Cybernetics Core  
  19  1:38  Pylon  
  19  1:39  Probe (Chrono Boost)  
  20  1:50  Probe (Chrono Boost)  
  20  1:51  Assimilator  
  21  2:00  Probe (Chrono Boost)  
  22  2:09  Adept  
  22  2:11  Mothership Core (Chrono Boost)  
  26  2:21  Warp Gate  
  26  2:34  Probe (Chrono Boost)  
  26  2:35  Probe (Chrono Boost)  
  26  2:36  Stalker (Chrono Boost)  
  30  2:44  Probe (Chrono Boost)  
  30  2:45  Probe (Chrono Boost)  
  32  2:57  Probe x2  
  33  3:05  Twilight Council  
  34  3:08  Probe (Chrono Boost)  
  34  3:09  Probe (Chrono Boost)  
  36  3:14  Pylon  
  36  3:15  Pylon  
  35  3:20  Probe (Chrono Boost)  
  35  3:22  Pylon  
  34  3:32  Probe (Chrono Boost)  
  33  3:34  Pylon  
  33  3:42  Stalker  
  33  3:43  Blink (Chrono Boost)  
  33  3:46  Robotics Facility  
  36  3:48  Probe  
  36  3:49  Assimilator  
  36  3:51  Assimilator  
  36  3:53  Probe  
  37  4:00  Probe  
  38  4:04  Gateway  
  38  4:09  Gateway  
  38  4:11  Pylon  
  38  4:14  Mothership Core, Probe  
  41  4:27  Stalker  
  43  4:34  Observer  
  43  4:46  Probe  
  44  4:53  Sentry  
  44  4:57  Forge  
  44  4:59  Immortal (Chrono Boost)  
  50  5:00  Probe  
  50  5:01  Probe  
  52  5:10  Probe, Pylon  
  53  5:15  Pylon  
  53  5:17  Stalker  
  53  5:18  Stalker  
  53  5:21  Probe  
  57  5:22  Probe  
  59  5:31  Probe, Protoss Ground Armor Level 1  
  59  5:34  Probe  
  59  5:35  Photon Cannon  
  61  5:36  Sentry  
  64  5:43  Observer (Chrono Boost)  
  64  5:55  Nexus  
  64  5:56  Sentry x2  
  68  5:59  Pylon  
  69  6:04  Observer (Chrono Boost)  
  69  6:07  Robotics Bay  
  69  6:14  Probe  
  70  6:20  Photon Cannon  
  70  6:22  Stalker x2  
  74  6:28  Probe  
  74  6:31  Probe  
  75  6:34  Pylon  
  77  6:47  Probe  
  77  6:50  Templar Archives  
  77  6:53  Probe, Disruptor (Chrono Boost)  
  77  6:57  Zealot x3  
  77  7:00  Probe  
  88  7:04  Probe  
  89  7:10  Resonating Glaives (Chrono Boost)  
  89  7:12  Probe  
  90  7:22  Pylon  
  90  7:23  Disruptor  
  90  7:25  Adept x3  
  99  7:30  Probe  
  99  7:31  Probe  
  99  7:32  Probe  
  99  7:33  Assimilator x2  
  102  7:37  Pylon  
  102  7:42  Probe  
  103  7:48  Pylon  
  103  7:53  Pylon  
  99  8:01  Disruptor  
  102  8:10  Stalker x3  
  102  8:12  Probe  
  107  8:20  Gateway  
  107  8:21  Gateway  
  103  8:32  Stalker x2  
  101  8:42  Disruptor  
  104  8:50  Charge (Chrono Boost)  
  104  8:58  Robotics Facility  
  104  9:01  Pylon  
  104  9:04  Nexus  
  104  9:05  Stalker x3, Pylon  
  110  9:17  Gateway x2  
  110  9:19  Mothership Core  
  110  9:23  Gateway  
  112  9:25  Disruptor (Chrono Boost)  
  112  9:26  Psionic Storm  
  115  9:38  Probe, Observer Gravitic Boosters  
  116  9:45  Disruptor (Chrono Boost)  
  119  9:52  Stargate  
  119  9:55  Zealot x2  
  119  9:56  Zealot, Stargate  
  119  9:58  Probe  
  119  9:59  Probe x2  
  128  10:10  Probe  
  129  10:15  Probe  
  129  10:16  Probe x2  
  132  10:22  Probe  
  132  10:23  Pylon  
  132  10:26  Probe  
  134  10:28  Stalker  
  134  10:29  Stalker x2  
  134  10:32  Pylon  
  136  10:36  Stalker  
  136  10:37  Stalker  
  137  10:47  Pylon  
  137  10:49  Fleet Beacon  
  137  10:54  Disruptor (Chrono Boost)  
  137  10:59  Disruptor  
  137  11:02  Stalker x3  
  137  11:03  Stalker  
  151  11:11  Pylon  
  151  11:14  Assimilator  
  151  11:18  Stalker x2  
  155  11:19  Assimilator  
  155  11:21  Pylon  
  155  11:25  Disruptor  
  158  11:34  Pylon  
  158  11:36  Probe  
  158  11:37  Pylon  
  159  11:42  Stalker x4  
  159  11:43  Stalker  
  169  11:58  Zealot x3  
  169  12:00  Carrier (Chrono Boost)  
  181  12:07  Pylon  
  187  12:16  Carrier (Chrono Boost)  
  187  12:20  Gateway  
  187  12:21  Gateway  
  187  12:23  Gateway  
  166  12:44  Zealot x3  
  166  12:45  Zealot  
  172  12:57  Stalker x2  
  153  13:17  Zealot x2  
  153  13:18  Zealot  
  122  13:33  Stalker x4  
  113  13:42  Stalker x4  
Tags
 
Add a new tag
Caveats
  • Supply blocks, unpowered buildings, or Contaminate may cause inaccurate times.
  • Supply counts are checked every 10 seconds.